 Dungeon Crawl Stone Soup version 0.27-a0-1529-g1e82c303ef (webtiles) character file.

Game seed: 5944215686642811263

47 tsouns the Skirmisher (level 3, 0/26 HPs)
             Began as a Demonspawn Wanderer on July 12, 2021.
             Was an Initiate of Ru.
             Succumbed to an orc wizard's poison
             ... on level 3 of the Dungeon.
             The game lasted 00:03:15 (1616 turns).

tsouns the Skirmisher (Demonspawn Wanderer)         Turns: 1616, Time: 00:03:15

Health: 0/26       AC:  2    Str: 11    XL:     3   Next: 48%
Magic:  3/3        EV: 12    Int: 13    God:    Ru [......]
Gold:   28         SH:  0    Dex: 12    Spells: 2/2 levels left

rFire    . . .     SeeInvis .   g - +2 short sword (elec)
rCold    . . .     Faith    .   (no shield)
rNeg     . . .     Spirit   .   b - +0 robe
rPois    .         Reflect  .   (helmet restricted)
rElec    .         Harm     .   (no cloak)
rCorr    .         Rampage  .   (no gloves)
Will     .....                  (no boots)
Stlth    ++........             (no amulet)
HPRegen  0.08/turn              (no ring)
MPRegen  0.08/turn              (no ring)

@: mighty, lethally poisoned (0 -> -14), attractive, hasted, very quick
A: antennae 1, dopey 1, frail 1
a: Renounce Religion


You were on level 3 of the Dungeon.
You worshipped Ru.
Ru was noncommittal.
You visited 1 branch of the dungeon, and saw 4 of its levels.

You collected 28 gold pieces.

Inventory:

Hand Weapons
 a - a +2 short sword
 g - a +2 short sword of electrocution (weapon)
Missiles
 c - 17 poisoned darts (quivered)
Armour
 b - a +0 robe (worn)
 p - a +0 buckler
Scrolls
 m - a scroll of identify {unknown}
 n - a scroll of blinking {unknown}
Potions
 d - 2 potions of haste
 f - a potion of attraction
 h - a potion of mutation
 j - a potion of magic {unknown}
 k - a potion of degeneration {unknown}
 l - a potion of cancellation {unknown}
 o - a potion of flight {unknown}


   Skills:
 + Level 3.1 Fighting
 + Level 2.8 Short Blades
 - Level 2.6 Dodging
 - Level 1.0 Stealth
 - Level 2.0 Evocations


You had 2 spell levels left.
You didn't know any spells.
Your spell library contained the following spells:

 Spells                   Type           Power      Damage    Failure   Level
 Foxfire                  Conj/Fire      0%         2x1d4     30%         1
 Sting                    Tmut/Pois      0%         1d3       30%         1
 Conjure Flame            Conj/Fire      0%         6-21      67%         3
 Spider Form              Tmut/Pois      0%         N/A       67%         3


Dungeon Overview and Level Annotations

Branches:
Dungeon (4/15)
 Temple: D:4-7

Altars:
Ru


Innate Abilities, Weirdness & Mutations

You have a pair of small antennae on your head.
You are dopey. (Int -2)
You are frail. (-10% HP)


Message History

The orc is heavily wounded.
The orc barely misses you.
You closely miss the orc.
The orc is heavily wounded.
The orc hits you with a +0 mace.
* * * LOW HITPOINT WARNING * * *
It was a potion of haste.
You feel yourself speed up. The orc closely misses you.
You hit the orc.
The orc is severely wounded.
You hit the orc. Lightning courses through the orc!
You kill the orc!
It was a potion of attraction.
You feel attractive to monsters.
It was a potion of mutation.
You feel extremely strange.
You feel frail.
You feel stupid. The orc hits you but does no damage.
It was a potion of curing.
You feel better. The orc hits you with a +0 club.
You barely miss the orc. The orc hits you with a +0 club.
You hit the orc. Lightning courses through the orc!
You kill the orc!
You barely miss something. Something hits you but does no damage.
You miss something. Something barely misses you.
You closely miss something. You closely miss something.
Something barely misses you.
You closely miss something. You completely miss something. Something hits you.
You are lethally poisoned!
You miss something.
* * * LOW HITPOINT WARNING * * *
You feel sick. Something hits you.
* * * LOW HITPOINT WARNING * * *
You are more poisoned.
Unknown command.
It was a potion of might.
You feel very mighty all of a sudden.
* * * LOW HITPOINT WARNING * * *
You feel very sick.
You closely miss something.
You die...

#...........# .....
#...........# ......
#...........# ......
###...........# ###+......
..............### #.........
.†..............# #.........
................# ####.......##
.#..............###..........#
.#....>.........@{oo...........
.#..............###..........##
.#######+##.....# #......?.....
.# +.....+.............. .#
#.....##########+#... .#
#.^...# ... ## #######


You could see 2 orcs.

Vanquished Creatures
  2 adders
  A worm (D:3)
  2 orcs (D:3)
  2 ball pythons (D:1)
  4 endoplasms
  A giant cockroach (D:2)
  2 goblins (D:1)
  3 jackals (D:1)
  A quokka (D:1)
  2 bats
  A frilled lizard (D:1)
  A kobold (D:1)
  2 rats
24 creatures vanquished.

Notes
Turn   | Place    | Note
-------+----------+-------------------------------------------
     0 | D:1      | tsouns the Demonspawn Wanderer began the quest for the Orb.
     0 | D:1      | tsouns set off with the following items: a +2 short sword,
                  | a +0 robe; and the following spells available to memorise:
                  | Foxfire, Sting, Conjure Flame, Spider Form
     0 | D:1      | Reached XP level 1. HP: 16/16 MP: 1/1
   218 | D:1      | Found a faded altar of an unknown god.
   373 | D:1      | Became a worshipper of Ru the Awakened
   729 | D:1      | Gained mutation: You have a pair of small antennae on your
                  | head. [demonic ancestry]
   729 | D:1      | Reached XP level 2. HP: 22/23 MP: 2/2
  1171 | D:2      | You fall into a shaft and drop 2 floors!
  1183 | D:3      | Reached XP level 3. HP: 13/28 MP: 3/3
  1450 | D:3      | Reached skill level 3 in Fighting
  1604 | D:3      | Gained mutation: You are frail. (-10% HP) [potion of
                  | mutation]
  1604 | D:3      | Gained mutation: You are dopey. (Int -2) [potion of
                  | mutation]
  1616 | D:3      | Succumbed to an orc wizard's poison

Illustrated notes

Levels and vault maps discovered:
D:1:      dpeg_arrival_boxorama, layout_basic, basic_ecumenical_altar
D:2:      layout_basic
D:3:      layout_basic, cheibrodos_gnoll_hut
D:4:      layout_rooms, chequers_serial_rivers_micro_e

Skill      XL: |  1  2  3 |
---------------+----------+-----
Short Blades   | 2 |  2.8
Fighting       | 3 |  3.1
Dodging        | |  2.6
Stealth        | |  1.0
Evocations     | |  2.0

Action                   || total
-------------------------++-------
Melee: Short sword       ||    66
Invok: Reject Sacrifices ||     1
  Use: Potion            ||     5
 Stab: Sleeping          ||     4
Armor: Robe              ||     9
Dodge: Dodged            ||    32

Table legend: (Time is in decaauts)
 A = Elapsed time spent in this place.
 B = Non-inter-level travel time spent in this place.
 C = Inter-level travel time spent in this place.
 D = Time resting spent in this place.
 E = Time spent auto-exploring this place.
 F = Levels seen in this place.
 G = Mean time per level.
                   A        B        C        D        E       F      G
               +--------+--------+--------+--------+--------+-----+--------+
         Total |   1608 |   1530 |     78 |      0 |   1327 |   4 |  402.0 |
       Dungeon |   1608 |   1530 |     78 |      0 |   1327 |   4 |  402.0 |
               +--------+--------+--------+--------+--------+-----+--------+

Top non-repeatable levels by time:
     D:1: 1149 daAuts
     D:3: 430 daAuts
     D:2: 20 daAuts
     D:4: 7 daAuts
